 Dungeon Crawl Stone Soup version 0.21.1-1-g345015f (webtiles) character file.

609 Falco the Changer (level 7, -4/49 HPs)
             Began as a Merfolk Transmuter on May 2, 2018.
             Was a Believer of Makhleb.
             Slain by an ogre
             ... wielding a +0 giant club
              (32 damage)
             ... on level 5 of the Dungeon on May 3, 2018.
             The game lasted 00:41:22 (5365 turns).

Falco the Changer (Merfolk Transmuter)              Turns: 5365, Time: 00:41:23

Health: -4/49      AC:  2    Str: 12    XL:     7   Next: 43%
Magic:  12/14      EV: 14    Int: 12    God:    Makhleb [**....]
Gold:   279        SH:  0    Dex: 15    Spells: 0/15 levels left

rFire    . . .     SeeInvis .   r - +0 spear
rCold    . . .     Gourm    .   (no shield)
rNeg     . . .     Faith    .   b - +0 robe
rPois    .         Spirit   .   (no helmet)
rElec    .         Reflect  .   (no cloak)
rCorr    .         Harm     .   (no gloves)
MR       .....                  (no boots)
Stlth    ++........             (no amulet)
HPRegen  0.16/turn              (no ring)
MPRegen  0.14/turn              (no ring)

@: appendage (expiring)
A: change form in water, swift swim, stealthy swim, horns 2
a: End Transformation, Minor Destruction, Renounce Religion


You were on level 5 of the Dungeon.
You worshipped Makhleb.
Makhleb was pleased with you.
You were not hungry.
You had grown temporary horns.
You visited 1 branch of the dungeon, and saw 5 of its levels.

You collected 279 gold pieces.

Inventory:

Hand Weapons
 f - a +1 mace of protection
 h - a +0 dagger
 j - a +2 short sword of speed
 o - a +2 whip of holy wrath
 r - a +0 spear (weapon)
 v - a +0 blowgun
 y - a +0 trident
 C - a cursed -1 quarterstaff
 D - a +0 spear
 E - a +0 arbalest
Missiles
 a - 39 arrows
 t - 22 poisoned needles
 x - 3 throwing nets (quivered)
Armour
 b - a +0 robe (worn)
 k - a +2 ring mail of poison resistance
 w - a +2 shield
Scrolls
 e - 5 scrolls of remove curse {unknown}
 g - 2 scrolls of enchant weapon {unknown}
 i - a scroll of magic mapping {unknown}
 l - 2 scrolls of amnesia {unknown}
 n - a scroll of fear {unknown}
 p - a scroll of immolation {unknown}
 q - a scroll of fog {unknown}
Potions
 m - 2 potions of flight
 s - 2 potions of heal wounds {unknown}
 u - a potion of might {unknown}
 z - a potion of agility {unknown}
 B - a potion of haste {unknown}
Books
 c - a book of Changes

   Spells                             Type                      Level
   a - Beastly Appendage              Transmutation                1
   b - Sticks to Snakes               Transmutation                2
   c - Spider Form                    Transmutation/Poison         3
   d - Ice Form                       Ice/Transmutation            4
   e - Blade Hands                    Transmutation                5
Comestibles
 d - 7 rations


   Skills:
 + Level 1.9 Fighting
 + Level 0.2 Short Blades
 - Level 1.0 Maces & Flails
 + Level 3.7 Polearms
 + Level 3.9 Dodging
 + Level 1.0 Stealth
 - Level 4.0 Unarmed Combat
 * Level 4.9 Spellcasting
 + Level 5.0 Transmutations
 + Level 0.1 Invocations


You couldn't memorise any spells.
You knew the following spells:

 Your Spells              Type           Power        Failure   Level  Hunger
a - Beastly Appendage     Tmut           ###...       2%          1    None
b - Sticks to Snakes      Tmut           ###.....     3%          2    ##.....
c - Spider Form           Tmut/Pois      #.........   22%         3    ###....
d - Ice Form              Ice/Tmut       #.......     56%         4    ####...
e - Blade Hands           Tmut           ###.......   56%         5    ######.


Dungeon Overview and Level Annotations

Branches:
Dungeon (5/15)
 Temple: D:4-7

Altars:
Cheibriados
Dithmenos
Fedhas
Kikubaaqudgha
Makhleb
Qazlal
Trog
Vehumet


Innate Abilities, Weirdness & Mutations

You revert to your normal form in water.
You are very nimble and swift while swimming.
You are very stealthy in the water. (Stealth+)
You have a pair of horns on your head.


Message History

You hit the ogre but do no damage. Your headbutt misses the ogre.
The ogre is moderately wounded.
The ogre hits you with a giant club!!
You hit the ogre but do no damage. Your headbutt misses the ogre.
The ogre is moderately wounded.
The ogre misses you.
You hit the ogre but do no damage.
The ogre is moderately wounded.
The ogre closely misses you.
You barely miss the ogre.
The ogre is moderately wounded.
You closely miss the ogre.
The ogre is moderately wounded.
Your transformation is almost over.
The ogre hits you with a giant club.
You hit the ogre. You headbutt the ogre.
The ogre is heavily wounded.
The ogre hits you with a giant club!!
Ouch! That really hurt!
You die...

# ... ..##..# #.#..#
#.##..# #.#..# #.##[..
#....######.##... ###
#.............. ..
#......###.#... #.
#......# #.....
####O###......####....
#....@................
#.##.#.#......#####>#.
#.#.#.#.##.# #.#.
#.#.#.#.##.# #.#.
#.#.#.#.##.## #.#.
#.#.#.#<# .... #.#.
#.###.### ###.#.#. ..
... ......#. ...
#.......


You could see an ogre.

Vanquished Creatures
  An ogre (D:4)
  A scorpion (D:4)
  A worker ant (D:4)
  A hound skeleton (D:4)
  2 gnolls (D:4)
  3 adders (D:3)
  4 worms
  2 dart slugs (D:1)
  A leopard gecko (D:4)
  3 orcs
  2 ball pythons
  5 bats
  9 giant cockroaches
  10 goblins
  14 hobgoblins
  9 jackals
  A quokka (D:4)
  6 frilled lizards
  A giant cockroach zombie (D:5)
  9 kobolds
  9 rats
94 creatures vanquished.

Vanquished Creatures (collateral kills)
  Grinder (D:5)
  A phantom (D:4)
  A crimson imp (D:5)
  An adder (D:2)
  2 gnolls (D:4)
  A dart slug (D:2)
  4 orcs (D:4)
  A bat (D:3)
  3 hobgoblins
  4 jackals
  4 kobolds (D:4)
  5 goblins
  A leopard gecko skeleton (D:5)
29 creatures vanquished.

Grand Total: 123 creatures vanquished

Notes
Turn   | Place    | Note
-------+----------+-------------------------------------------
     0 | D:1      | Falco the Merfolk Transmuter began the quest for the Orb.
     0 | D:1      | Reached XP level 1. HP: 15/15 MP: 3/3
   186 | D:1      | Reached XP level 2. HP: 21/21 MP: 3/5
   394 | D:1      | Reached skill level 3 in Transmutations
   409 | D:1      | Reached XP level 3. HP: 7/26 MP: 4/6
   912 | D:1      | Learned a level 2 spell: Sticks to Snakes
  1354 | D:2      | Found an ancient bone altar of Kikubaaqudgha.
  1354 | D:2      | Found a burning altar of Makhleb.
  1400 | D:2      | Became a worshipper of Makhleb the Destroyer
  1447 | D:2      | Found a radiant altar of Vehumet.
  1480 | D:2      | Found a bloodstained altar of Trog.
  1537 | D:2      | Learned a level 3 spell: Spider Form
  1915 | D:2      | Reached XP level 4. HP: 30/32 MP: 4/7
  2024 | D:2      | Reached skill level 1 in Maces & Flails
  2216 | D:2      | Reached * piety under Makhleb
  2722 | D:3      | Found a blossoming altar of Fedhas.
  2928 | D:3      | Reached skill level 1 in Polearms
  3074 | D:3      | Reached XP level 5. HP: 19/37 MP: 9/9
  3325 | D:3      | Found a shadowy altar of Dithmenos.
  3326 | D:3      | Found a snail-covered altar of Cheibriados.
  3587 | D:4      | Noticed an ogre
  3594 | D:4      | Killed an ogre
  3594 | D:4      | Reached skill level 4 in Transmutations
  3683 | D:4      | Reached XP level 6. HP: 44/44 MP: 6/11
  3821 | D:4      | Reached ** piety under Makhleb
  4002 | D:4      | Noticed a phantom
  4046 | D:4      | Killed a phantom
  5030 | D:4      | Learned a level 4 spell: Ice Form
  5031 | D:5      | Entered Level 5 of the Dungeon
  5031 | D:5      | Noticed Grinder
  5042 | D:5      | Paralysed by Grinder for 2 turns
  5049 | D:5      | Paralysed by Grinder for 5 turns
  5057 | D:5      | Paralysed by Grinder for 4 turns
  5065 | D:5      | Killed Grinder
  5065 | D:5      | Reached XP level 7. HP: 23/49 MP: 8/14
  5146 | D:5      | Reached skill level 1 in Stealth
  5146 | D:5      | Reached skill level 5 in Transmutations
  5291 | D:5      | Learned a level 5 spell: Blade Hands
  5347 | D:5      | Found a stormy altar of Qazlal.
  5365 | D:5      | Slain by an ogre

Skill      XL: |  1  2  3  4  5  6  7 |
---------------+----------------------+-----
Dodging        | 3 |  3.9
Transmutations | 3 4 5 |  5.0
Maces & Flails | 1 |  1.0
Unarmed Combat | 4 |  4.0
Polearms       | 1 2 3 |  3.7
Spellcasting   | 3 4 |  4.9
Stealth        | 1 |  1.0
Fighting       | |  1.9
Short Blades   | |  0.2
Invocations    | |  0.1

Action                   |  1- 3 |  4- 6 |  7- 9 || total
-------------------------+-------+-------+-------++-------
Melee: Unarmed           |    41 |   215 |    23 ||   279
       Headbutt          |    14 |    24 |     4 ||    42
       Dagger            |    69 |       |       ||    69
       Mace              |    51 |       |       ||    51
       Punch             |       |     7 |       ||     7
       Spear             |       |       |    16 ||    16
 Cast: Beastly Appendage |    21 |    30 |     3 ||    54
       Sticks to Snakes  |     6 |    33 |     4 ||    43
       Spider Form       |       |     1 |       ||     1
Invok: Minor Destruction |       |     1 |       ||     1
  Use: Scroll            |     3 |     2 |       ||     5
       Potion            |       |     4 |       ||     4
 Stab: Sleeping          |     1 |     2 |       ||     3
  Eat: Ration            |     2 |     3 |     1 ||     6
Armor: Robe              |    45 |    16 |     3 ||    64
Dodge: Dodged            |   106 |   136 |    19 ||   261
